 Dungeon Crawl Stone Soup version 0.29.1 (console) character file.

Game seed: 380544308763772663

6021 om the Nimble (level 11, 0/65 HPs)
             Began as a Djinni Fire Elementalist on Sept 13, 2022.
             Was an Initiate of Makhleb.
             Slain by a sun demon (6 damage)
             ... on level 1 of the Abyss.
             The game lasted 00:34:18 (12973 turns).

om the Nimble (Djinni Fire Elementalist)           Turns: 12973, Time: 00:34:19

Health: 0/65       AC:  8    Str:  9    XL:     11   Next: 10%
Gold:   361        EV: 16    Int: 23    God:    Makhleb [......] SH:  0 Dex: 16

rFire   + + .      SeeInvis .   h - +5 short sword (holy)
rCold   . . .      Faith    .   t - orb {light}
rNeg    + . .      Spirit   .   w - +0 leather armour {rC+}
rPois   ∞          Reflect  .   J - +2 helmet
rElec   .          Harm     .   G - +0 cloak
rCorr   .          Rampage  .   o - +0 pair of gloves
Will    +....                   (boots unavailable)
Stlth   +.........              (no amulet)
HPRegen 0.20/turn               c - +6 ring of intelligence
MPRegen 0.00/turn               v - ring of positive energy

@: flying, glowing
A: sickness immunity, fire resistance 2, cold vulnerability 1, float, innate
caster, HP casting, extra vitality 1
a: Renounce Religion


You were on level 1 of the Abyss.
You worshipped Makhleb.
Makhleb was noncommittal.
You visited 1 branch of the dungeon, and saw 9 of its levels.
You visited the Abyss 1 time.

You collected 423 gold pieces.
You spent 62 gold pieces at shops.

Inventory:

Hand Weapons
 a - a +0 long sword of protection
 h - a +5 short sword of holy wrath (weapon)
 n - a +1 falchion of pain
Missiles
 B - a throwing net
Armour
 o - a +0 pair of gloves (worn)
 t - an orb of light (worn)
 w - a +0 leather armour of cold resistance (worn)
 G - a +0 cloak (worn)
 J - a +2 helmet (worn)
Jewellery
 c - a +6 ring of intelligence (left hand)
 v - a ring of positive energy (right hand)
Wands
 p - a wand of flame (41)
 z - a wand of polymorph (24)
Scrolls
 b - a scroll of butterflies {unknown}
 d - a scroll of identify
 f - a scroll of teleportation
 j - a scroll of brand weapon
 k - 2 scrolls of amnesia {unknown}
 l - 5 scrolls of enchant armour
 r - 2 scrolls of poison {unknown}
 s - a scroll of summoning
 u - a scroll of fear {unknown}
 y - 2 scrolls of immolation
 A - a scroll of noise {unknown}
 H - 3 scrolls of vulnerability {unknown}
Potions
 e - 2 potions of attraction {unknown}
 g - 2 potions of invisibility
 m - a potion of flight {unknown}
 x - 2 potions of might {unknown}
 C - a potion of cancellation {unknown}
 D - 2 potions of lignification {unknown}
 E - a potion of brilliance {unknown}
 I - a potion of magic {unknown}


   Skills:
 - Level 2.3 Long Blades
 - Level 10.0 Dodging
 - Level 3.0 Stealth
 * Level 8.5 Spellcasting
 * Level 5.7 Invocations
 - Level 4.0 Evocations


You couldn't memorise any spells.
You knew the following spells:

 Your Spells              Type           Power      Damage    Failure   Level
a - Foxfire               Conj/Fire      100%       2x1d9     1%          1
b - Scorch                Fire           96%        2d9       1%          2
c - Conjure Flame         Conj/Fire      48%        6-21      1%          3
d - Inner Flame           Hex/Fire       48%        N/A       1%          3
e - Flame Wave            Conj/Fire      48%        2d12      2%          4
f - Magic Dart            Conj           100%       1d8       1%          1
g - Call Imp              Summ           48%        N/A       1%          2
h - Ignite Poison         Fire/Tmut/Pois 48%        N/A       1%          3
i - Swiftness             Air            48%        N/A       1%          3
j - Manifold Assault      Tloc           48%        N/A       8%          5
Your spell library was empty.

Dungeon Overview and Level Annotations

Branches:
Dungeon (9/15)             Temple (0/1) D:6
   Lair: D:8-11         Orc: D:9-12

Altars:
Ashenzari
Cheibriados
Fedhas
Makhleb
Nemelex Xobeh
Uskayaw
The Shining One

Shops:
D:6 (   D:8 :

Annotations:
D:4 2 transporters, Smersh616's ghost, amateur MiFi
D:9 Erolcha


Innate Abilities, Weirdness & Mutations

You are immune to sickness and miasma.
You are immune to poison.
Your flesh is very heat resistant. (rF++)
You are vulnerable to cold. (rC-)
You float through the air rather than walking.
You learn spells naturally, not from books.
Your magical power is your life essence.
You have superior vitality. (+4 MHP)


Message History

The flame wave engulfs the small abomination!
You destroy the small abomination!
Makhleb accepts your kill.
The flame wave engulfs the sun demon.
The sun demon completely resists.
The flame wave engulfs the blink frog!
The blink frog is heavily wounded.
* * * LOW HITPOINT WARNING * * *
You finish channelling waves of flame.
You hear a bellow!
Your Invocations skill increases to level 5!
You have reached level 11!
The power to cast Manifold Assault wells up from within.
Spell assigned to 'j'.
Casting: Flame Wave (dangerous; 3% risk of failure)
Confirm with . or Enter, or press ? or * to list all spells.
Casting: Flame Wave (dangerous; 3% risk of failure)
Press: ? - help, Dir - look around, f - activate
Okay, then.
You feel better. The blink frog hits you.
* * * LOW HITPOINT WARNING * * *
Casting: Flame Wave (dangerous; 3% risk of failure)
Confirm with . or Enter, or press ? or * to list all spells.
Casting: Flame Wave (dangerous; 3% risk of failure)
Press: ? - help, Dir - look around, f - activate A wave of flame ripples out!
The flame wave engulfs the sun demon.
The sun demon completely resists.
The flame wave engulfs the blink frog!!
You kill the blink frog!
Makhleb accepts your kill. (Press . to intensify the flame waves.)
* * * LOW HITPOINT WARNING * * *
The sun demon barely misses you.
A wave of flame ripples out!
The flame wave engulfs the sun demon.
The sun demon completely resists.
* * * LOW HITPOINT WARNING * * *
The sun demon misses you.
A wave of flame ripples out!
The flame wave engulfs the sun demon.
The sun demon completely resists.
* * * LOW HITPOINT WARNING * * *
You finish channelling waves of flame.
The sun demon hits you.
You die...

. .. ... .... ##
#... ..# .
##...### #.#.. #
#....3@## ..# ..
.......#.###...#.#
........#.....#..#
........##.###..#
.#.....#F.#...#
##...#.. #####
#.....## .....
....


You could see a sun demon.

Vanquished Creatures
  A thrashing horror (Abyss:1)
  A hornet (D:8)
  A blink frog (Abyss:1)
  Sigmund (D:5)
  2 wyverns (D:8)
  Eustachio (D:5)
  4 fire bats (D:8)
  A steam dragon (D:8)
  Menkaure (D:7)
  A water moccasin (D:6)
  An acid dragon (D:8)
  A hell hound (D:8)
  Duvessa (D:7)
  A black bear (D:5)
  2 ice beasts
  An ogre (D:6)
  A small abomination (Abyss:1)
  2 centaurs
  4 kobold brigands
  A bullfrog (D:7)
  A necrophage (D:6)
  5 scorpions
  A gnoll sergeant (D:5)
  3 wights (D:7)
  Dowan (D:7)
  14 killer bees
  2 howler monkeys (D:7)
  2 lava snakes (D:8)
  A gnoll bouda (D:6)
  6 hounds
  2 jellies
  Crazy Yiuf (D:5)
  2 orc priests
  6 iguanas
  Natasha (thrice) (D:2)
  7 orc wizards
  Robin (D:2)
  9 gnolls
  An adder (D:2)
  2 white imps
  2 worms (D:2)
  6 dart slugs
  9 orcs
  10 bats
  8 endoplasms
  2 giant cockroaches
  17 goblins
  11 hobgoblins
  4 quokkas
  5 ball pythons
  7 frilled lizards
  23 kobolds
  3 rats
  3 fire vortices (D:8)
209 creatures vanquished.

Vanquished Creatures (others)
  312 foxfires
  3 plants (D:5)
315 creatures vanquished.

Grand Total: 524 creatures vanquished

Notes
Turn   | Place    | Note
-------+----------+-------------------------------------------
     0 | D:1      | om the Djinni Fire Elementalist began the quest for the
                  | Orb.
     0 | D:1      | om set off with the following spells memorised: Foxfire,
                  | Scorch, Conjure Flame, Inner Flame, Flame Wave.
     0 | D:1      | Reached XP level 1. HP: 15/15 MP: 0/0
   393 | D:1      | Reached XP level 2. HP: 19/21 MP: 0/0
   853 | D:1      | Reached XP level 3. HP: 24/25 MP: 0/0
   853 | D:1      | Learned a level 1 spell: Magic Dart
  1283 | D:1      | Reached skill level 3 in Dodging
  2021 | D:1      | Found a faded altar of an unknown god.
  2067 | D:2      | Noticed Robin
  2304 | D:2      | Reached XP level 4. HP: 25/31 MP: 0/0
  2506 | D:2      | Noticed Natasha
  2523 | D:2      | Killed Natasha
  2834 | D:2      | Killed Robin
  2835 | D:2      | Reached XP level 5. HP: 9/35 MP: 0/0
  2835 | D:2      | Learned a level 2 spell: Call Imp
  3241 | D:2      | Noticed Natasha
  3245 | D:2      | Killed Natasha
  3299 | D:2      | Noticed Natasha
  3304 | D:2      | Killed Natasha
  3305 | D:2      | Reached skill level 4 in Dodging
  4082 | D:3      | You are sucked into a shaft and drop 3 floors!
  4168 | D:5      | Entered Level 5 of the Dungeon
  4174 | D:5      | Reached XP level 6. HP: 37/40 MP: 0/0
  4182 | D:5      | Found a runed translucent door.
  4196 | D:5      | Noticed Crazy Yiuf
  4888 | D:4      | Reached skill level 5 in Dodging
  4888 | D:4      | Reached XP level 7. HP: 31/45 MP: 0/0
  4888 | D:4      | Learned a level 3 spell: Ignite Poison
  4999 | D:4      | Found a glowing golden altar of the Shining One.
  5209 | D:4      | HP: 2/45 [orc/+0 hand axe (6)]
  5612 | D:4      | Found a transporter.
  5632 | D:4      | Found a transporter.
  5635 | D:4      | Noticed Smersh616's ghost (amateur MiFi)
  5719 | D:4      | Found a snail-covered altar of Cheibriados.
  5987 | D:5      | Found a sparkling altar of Nemelex Xobeh.
  6041 | D:5      | Noticed Eustachio
  6062 | D:5      | Killed Eustachio
  6063 | D:5      | Reached skill level 6 in Dodging
  6264 | D:5      | Found a blossoming altar of Fedhas.
  6504 | D:5      | Reached XP level 8. HP: 44/50 MP: 0/0
  6683 | D:5      | Found a broken altar of Ashenzari.
  6697 | D:5      | Noticed Sigmund
  6736 | D:5      | Killed Sigmund
  6737 | D:5      | Reached skill level 5 in Spellcasting
  6737 | D:5      | Reached skill level 1 in Evocations
  6757 | D:5      | Reached skill level 7 in Dodging
  7462 | D:5      | Killed Crazy Yiuf
  7680 | D:6      | Reached XP level 9. HP: 50/55 MP: 0/0
  7680 | D:6      | Learned a level 3 spell: Swiftness
  7705 | D:6      | Found Tazah's Weapon Boutique.
  7722 | D:6      | Bought a +0 long sword of protection for 62 gold pieces
  7769 | D:6      | Reached skill level 8 in Dodging
  8498 | D:6      | Found a staircase to the Ecumenical Temple.
  9074 | D:7      | Reached skill level 1 in Long Blades
  9234 | D:7      | Noticed Menkaure
  9242 | D:7      | Killed Menkaure
  9243 | D:7      | Reached skill level 9 in Dodging
  9651 | D:7      | Found a large runed translucent door.
  9654 | D:7      | Found a large runed translucent door.
  9763 | D:7      | Noticed Duvessa
  9763 | D:7      | Noticed Dowan
  9774 | D:7      | Killed Duvessa
  9775 | D:7      | Reached XP level 10. HP: 31/60 MP: 0/0
  9810 | D:7      | Killed Dowan
 10240 | D:7      | Found a hide-covered altar of Uskayaw.
 10243 | D:7      | Found a burning altar of Makhleb.
 10246 | D:7      | Became a worshipper of Makhleb the Destroyer
 10311 | D:8      | Reached skill level 1 in Invocations
 10319 | D:8      | Reached skill level 10 in Dodging
 11696 | D:8      | Found Coijaeq's Book Shoppe.
 12911 | D:9      | Noticed Erolcha
 12915 | Abyss:1  | Found a corrupted altar of Lugonu.
 12915 | Abyss:1  | Cast into level 1 of the Abyss (Erolcha)
 12958 | Abyss:1  | Noticed a thrashing horror
 12966 | Abyss:1  | Noticed a sun demon
 12969 | Abyss:1  | Killed a thrashing horror
 12970 | Abyss:1  | Reached skill level 5 in Invocations
 12970 | Abyss:1  | Reached XP level 11. HP: 5/65 MP: 0/0
 12970 | Abyss:1  | Learned a level 5 spell: Manifold Assault
 12973 | Abyss:1  | Slain by a sun demon

Illustrated notes

Levels and vault maps discovered:
D:1:      wander_arrival_estate, layout_basic, shapermc_ecumenical_altar_petra,
          minmay_misc_feat_pillars
D:2:      layout_rooms, uniq_natasha, uniq_robin
D:3:      layout_loops_ring, nicolae_overflow_ecumenical_swirl,
          vehumet_altar_wand_db, kennysheep_generic_room_2, uniq_terence
D:4:      layout_rooms, mainiacjoe_overflow_alcove_4, led_sif_book,
          nicolae_tso_carved_into_rock, gammafunk_ghost_mausoleum
D:5:      layout_loops_ring, mainiacjoe_overflow_concentric_impassable,
          fedhas_altar_1, nemelex_diamond_rough_becter, hangedman_decor_growths,
          uniq_eustachio, uniq_sigmund, uniq_crazy_yiuf_cottage
D:6:      layout_basic, minmay_temple_entry_proselytizer, serial_shops,
          nicolae_shop_bloodbath_and_beyond
D:7:      layout_rooms, jmf_multi_god_temple2, uniq_menkaure, uniq_duvessa
D:8:      layout_loops_ring, serial_shops, nicolae_shop_statue_plus,
          hangedman_incinerator
D:9:      layout_rooms, mainiacjoe_overflow_cross_hatched,
          nicolae_dithmenos_the_darkroom, zombieorc2_lemuel,
          nicolae_shop_fire_sale [nicolae_sub_dead_trees], minmay_the_grid_2x2
          [minmay_the_grid_minigrid_small_alt, minmay_the_grid_empty,
          minmay_the_grid_outer_diamond, minmay_the_grid_prize_big_room],
          uniq_erolcha
Abyss:1:  base: D:4, evilmike_abyss_exit_4

Skill      XL: |  1  2  3  4  5  6  7  8  9 10 |
---------------+-------------------------------+-----
Stealth        | 2 3 |  3.0
Dodging        | 3 4 5 6 7 9 10 | 10.0
Spellcasting   | 3 4 5 6 8 |  8.5
Evocations     | 2 4 |  4.0
Long Blades    | 2 |  2.3
Invocations    | 5 |  5.7

Action                   |  1- 3 |  4- 6 |  7- 9 | 10-12 || total
-------------------------+-------+-------+-------+-------++-------
Melee: Short sword       |    33 |    74 |    33 |    37 ||   177
       Punch             |     1 |       |       |       ||     1
       Falchion          |       |       |     3 |       ||     3
       Long sword        |       |       |    46 |       ||    46
 Cast: Foxfire           |    52 |    45 |    65 |    11 ||   173
       Scorch            |     1 |    21 |    48 |    36 ||   106
       Magic Dart        |       |       |    34 |    74 ||   108
       Conjure Flame     |       |       |     6 |     3 ||     9
       Call Imp          |       |       |     3 |     5 ||     8
       Inner Flame       |       |       |    10 |     3 ||    13
       Flame Wave        |       |       |     3 |     8 ||    11
       Swiftness         |       |       |     2 |       ||     2
  Use: Scroll            |       |     5 |     2 |     2 ||     9
       Potion            |       |     1 |     3 |     1 ||     5
 Stab: Sleeping          |       |     3 |       |       ||     3
       Distracted        |       |       |     1 |       ||     1
Armor: Robe              |    12 |    18 |     1 |       ||    31
       Leather armour    |       |       |    38 |    37 ||    75
Dodge: Dodged            |    34 |    76 |   153 |   118 ||   381
